 Dungeon Crawl Stone Soup version 0.22.0-18-ge075c0d (webtiles) character file.

3161 Faca the Cleaver (level 9, 0/84 (85) HPs)
             Began as a Hill Orc Monk on Aug 18, 2018.
             Was an Elder of Beogh.
             Splashed by Joseph's acid (12 damage)
             ... on level 8 of the Dungeon.
             The game lasted 00:16:39 (7384 turns).

Faca the Cleaver (Hill Orc Monk)                    Turns: 7384, Time: 00:16:40

HP:   0/84 (85)     AC:  4    Str: 21    XL:     9   Next: 94%
MP:   9/9           EV:  8    Int: 10    God:    Beogh [****..]
Gold: 402           SH:  0    Dex: 13    Spells: 8/8 levels left

rFire    . . .     SeeInvis .   v - +2 hand axe (chop)
rCold    . . .     Gourm    .   (no shield)
rNeg     . . .     Faith    .   b - +0 chain mail (curse)
rPois    +         Spirit   .   m - +2 helmet
rElec    .         Reflect  .   j - +0 cloak (curse)
rCorr    .         Harm     .   (no gloves)
MR       .....                  F - +1 pair of boots
Stlth    ..........             (no amulet)
HPRegen  0.24/turn              A - +4 ring of strength
MPRegen  0.11/turn              p - ring of poison resistance

@: corroded, drained
A: no striking features
a: Smiting, Recall Orcish Followers, Renounce Religion


You were on level 8 of the Dungeon.
You worshipped Beogh.
Beogh was greatly pleased with you.
You were not hungry.

You visited 1 branch of the dungeon, and saw 8 of its levels.

You collected 402 gold pieces.

Inventory:

Hand Weapons
 v - a +2 hand axe of chopping (weapon)
 B - a +2 flail of protection
Missiles
 x - 3 javelins (quivered)
Armour
 b - a cursed +0 chain mail (worn)
 j - a cursed +0 cloak (worn)
 m - a +2 helmet (worn)
 F - a +1 pair of boots (worn)
Jewellery
 f - an uncursed ring of resist corrosion
 p - a ring of poison resistance (right hand)
 t - an uncursed ring of protection from cold
 y - an uncursed amulet of magic regeneration {unknown}
 A - a +4 ring of strength (left hand)
Wands
 w - a wand of digging (8)
Scrolls
 d - 3 scrolls of immolation {unknown}
 g - 4 scrolls of teleportation {unknown}
 h - 2 scrolls of enchant armour {unknown}
 i - a scroll of enchant weapon {unknown}
 k - 7 scrolls of remove curse {unknown}
 o - 3 scrolls of fog {unknown}
 q - a scroll of blinking {unknown}
 s - 9 scrolls of identify {unknown}
 D - 2 scrolls of brand weapon {unknown}
Potions
 a - a potion of invisibility {unknown}
 e - a potion of flight {unknown}
 l - a potion of haste
 n - a potion of mutation {unknown}
 r - 4 potions of curing {unknown}
 z - a potion of berserk rage {unknown}
 C - a potion of cancellation {unknown}
 E - a potion of degeneration {unknown}
Comestibles
 c - 13 rations


   Skills:
 + Level 10.0(9.0) Fighting
 + Level 12.8(11.8) Axes
 + Level 5.6(4.7) Armour
 - Level 2.4(1.6) Dodging
 - Level 1.5(0.7) Stealth


You had 8 spell levels left.
You didn't know any spells.
Your spell library was empty.

Dungeon Overview and Level Annotations

Branches:
Dungeon (8/15)             Temple (0/1) D:5            Lair (0/6) D:8

Altars:
Cheibriados
Gozag
Hepliaklqana
Makhleb
Nemelex Xobeh
Okawaru
Qazlal
Ru
Sif Muna
Uskayaw
Wu Jian
Xom

Shops:
D:4 }   D:6 }(=(   D:7 (

Annotations:
D:7 1 transporter
D:8 Gastronok, Joseph


Message History

Your orc hits Joseph but does no damage.
You hit Joseph but do no damage.
Joseph is lightly wounded.
Joseph hits you with an uncursed quarterstaff of draining!
You feel drained.
You hit Joseph.
Joseph is lightly wounded.
Your orc hits Joseph with a club.
Joseph hits you with an uncursed quarterstaff of draining!
* * * LOW HITPOINT WARNING * * *
You feel drained.
* * * LOW HITPOINT WARNING * * *
Your orc hits Joseph but does no damage.
Joseph hits your orc with an uncursed quarterstaff of draining!
Joseph drains your orc!
Your orc dies!
Joseph zaps a wand.
The bolt of acid hits you!
* * * LOW HITPOINT WARNING * * *
The acid corrodes you!
You are splashed with acid!
The acid burns!
You die... .PPP.> ##..PP.. #....PP. #..P..
PPP# ## #######...
PPP# .# ##..(.(#.# .PPP# .# ##......(.# .PPP#

.# #..<.(....# ...P# .#
.# #.......@.###...# .#
.# #...............# .##
.# #.........).....# ..#
#.# #..........@....#
#†###.# #...............#
#...#.###....(.........##
###...#....[....#.....##
##..#.##.############
#....##...


You could see Joseph.

Vanquished Creatures
  A hippogriff (D:7)
  A spriggan (D:7)
  A hungry ghost (D:7)
  Edmund (D:6)
  A sky beast (D:5)
  2 ice beasts
  A necrophage (D:8)
  A centaur (D:5)
  6 ogres
  A big kobold (D:7)
  2 bullfrogs (D:6)
  9 killer bees
  4 wights (D:7)
  3 crimson imps
  4 hounds
  A centaur zombie (D:8)
  2 orc priests
  2 iguanas
  5 worker ants
  4 orc wizards
  A worker ant zombie (D:7)
  2 howler monkey skeletons
  10 adders
  3 oozes
  An adder skeleton (D:4)
  A worm (D:2)
  2 dart slugs (D:1)
  6 leopard geckos
  20 orcs
  A ball python (D:2)
  A giant cockroach (D:3)
  5 goblins
  6 hobgoblins
  12 jackals
  4 kobolds
  3 quokkas
  A ball python skeleton (D:4)
  8 bats
  5 frilled lizards
  A giant cockroach zombie (D:3)
  A quokka skeleton (D:5)
  A quokka zombie (D:5)
  5 rats
152 creatures vanquished.

Vanquished Creatures (collateral kills)
  An orc wizard (D:7)
  An adder (D:8)
  A leopard gecko (D:8)
3 creatures vanquished.

Vanquished Creatures (others)
  An orc warrior (D:8)
  An orc (D:8)
  An orc wizard (D:3)
3 creatures vanquished.

Grand Total: 158 creatures vanquished

Notes
Turn   | Place    | Note
-------+----------+-------------------------------------------
     0 | D:1      | Faca the Hill Orc Monk began the quest for the Orb.
     0 | D:1      | Reached XP level 1. HP: 19/19 MP: 1/1
   317 | D:1      | Reached XP level 2. HP: 20/27 MP: 2/2
   992 | D:1      | Reached skill level 5 in Axes
  1001 | D:1      | Reached XP level 3. HP: 33/33 MP: 3/3
  1414 | D:2      | Reached XP level 4. HP: 41/41 MP: 4/4
  1519 | D:2      | Found an iron altar of Okawaru.
  1835 | D:3      | Found a snail-covered altar of Cheibriados.
  2076 | D:3      | Reached skill level 6 in Axes
  2509 | D:3      | Found an ornate altar of the Wu Jian Council.
  2509 | D:3      | Found a hazy altar of Hepliaklqana.
  2514 | D:3      | Became a worshipper of Beogh the Brigand
  2514 | D:3      | Reached * piety under Beogh
  2514 | D:3      | Reached ** piety under Beogh
  2522 | D:3      | Reached XP level 5. HP: 45/47 MP: 5/5
  2554 | D:3      | Found an opulent altar of Gozag.
  2556 | D:3      | Found a shimmering altar of Xom.
  2605 | D:3      | Reached skill level 5 in Fighting
  2613 | D:3      | Reached skill level 7 in Axes
  2740 | D:3      | Found an iron altar of Okawaru.
  3020 | D:4      | Reached XP level 6. HP: 56/56 MP: 6/6
  3123 | D:4      | Found Gufogi's Gadget Emporium.
  3170 | D:4      | Reached skill level 8 in Axes
  3430 | D:4      | Found a hide-covered altar of Uskayaw.
  3464 | D:4      | Reached XP level 7. HP: 63/63 MP: 7/7
  3493 | D:4      | Reached skill level 9 in Axes
  4256 | D:5      | Entered Level 5 of the Dungeon
  4288 | D:5      | Found a sacrificial altar of Ru.
  4387 | D:5      | Found a stormy altar of Qazlal.
  4427 | D:5      | Found a deep blue altar of Sif Muna.
  4500 | D:5      | Reached skill level 10 in Axes
  4506 | D:5      | Reached *** piety under Beogh
  4507 | D:5      | Reached XP level 8. HP: 39/73 MP: 8/8
  4974 | D:5      | Found a staircase to the Ecumenical Temple.
  5030 | D:6      | Found a burning altar of Makhleb.
  5092 | D:6      | Found Ireur's Weapon Shop.
  5092 | D:6      | Noticed Edmund
  5109 | D:6      | Killed Edmund
  5109 | D:6      | Reached skill level 11 in Axes
  5123 | D:6      | Found Wewub's Jewellery Shop.
  5354 | D:6      | Found Uceapuc's Gadget Shop.
  5383 | D:6      | Found a sparkling altar of Nemelex Xobeh.
  5535 | D:6      | Reached skill level 1 in Armour
  5762 | D:6      | Found Muyff's Antique Weapon Emporium.
  5824 | D:7      | Found a transporter.
  5885 | D:7      | Reached XP level 9. HP: 65/82 MP: 9/9
  6104 | D:7      | Reached skill level 12 in Axes
  6728 | D:7      | Reached skill level 5 in Armour
  6851 | D:7      | Found Ariss's Antique Weapon Emporium.
  6976 | D:8      | Reached **** piety under Beogh
  7303 | D:8      | Noticed Gastronok
  7365 | D:8      | Reached skill level 10 in Fighting
  7367 | D:8      | Noticed Joseph
  7370 | D:8      | Found a staircase to the Lair.
  7384 | D:8      | Splashed by Joseph's acid

Skill      XL: |  1  2  3  4  5  6  7  8  9 |
---------------+----------------------------+-----
Fighting       | 4 5 6 7 8 10 | 10.0
Axes           | 5 6 7 8 10 11 12 | 12.8
Armour         | 2 5 |  5.6
Dodging        | |  2.4
Stealth        | |  1.5

Action                   |  1- 3 |  4- 6 |  7- 9 || total
-------------------------+-------+-------+-------++-------
Melee: Hand axe          |   137 |   179 |   405 ||   721
Invok: Convert to Beogh  |       |     1 |       ||     1
 Stab: Sleeping          |     1 |       |       ||     1
  Eat: Chunk             |     2 |       |     3 ||     5
       Ration            |       |     2 |     4 ||     6
Armor: Robe              |    10 |       |       ||    10
       Chain mail        |    59 |    93 |   198 ||   350
       Leather armour    |     1 |       |       ||     1
Dodge: Dodged            |    82 |    25 |   126 ||   233
